 Dungeon Crawl Stone Soup version 0.26.1-2-gb8aa6d0cf2 (console) character file.

Game seed: 2178913987688602532

506 om the Ruffian (level 6, -1/57 HPs)
             Began as a Troll Transmuter on Mar 3, 2021.
             Was an Initiate of Cheibriados.
             Slain by an ogre
             ... wielding a +0 giant spiked club
              (29 damage)
             ... on level 5 of the Dungeon.
             The game lasted 00:05:18 (3889 turns).

om the Ruffian (Troll Transmuter)                   Turns: 3889, Time: 00:05:19

Health: -1/57      AC:  6    Str: 20    XL:     6   Next: 97%
Magic:  8/9        EV: 10    Int: 12    God:    Cheibriados [......]
Gold:   213        SH:  0    Dex: 11    Spells: 7/10 levels left

rFire    . . .     SeeInvis .     - Unarmed
rCold    . . .     Faith    .   (no shield)
rNeg     . . .     Spirit   .   a - +0 robe
rPois    .         Reflect  .   (helmet currently unavailable)
rElec    .         Harm     .   (no cloak)
rCorr    .         Rampage  .   (gloves unavailable)
Will     .....                  (boots unavailable)
Stlth    +.........             (no amulet)
HPRegen  0.59/turn              (no ring)
MPRegen  0.11/turn              (no ring)

@: lethally poisoned (-1 -> -1), appendages (expiring), very slow
A: large, unfitting armour, claws 3, horns 2, talons 2, regeneration 1, shaggy
fur 1, tough skin 3
a: End Transformation, Renounce Religion, Bend Time


You were on level 5 of the Dungeon.
You worshipped Cheibriados.
Cheibriados was noncommittal.
You had grown temporary horns.
You had grown temporary talons.
You visited 2 branches of the dungeon, and saw 6 of its levels.

You collected 213 gold pieces.

Inventory:

Armour
 a - a +0 robe (worn)
Jewellery
 i - an uncursed ring of ice {unknown}
Scrolls
 b - 4 scrolls of remove curse
 c - 3 scrolls of enchant armour {unknown}
 j - 4 scrolls of random uselessness {unknown}
 l - a scroll of noise {unknown}
 n - 3 scrolls of teleportation {unknown}
 o - 3 scrolls of fog {unknown}
 q - a scroll of amnesia {unknown}
Potions
 d - 2 potions of attraction
 e - a potion of heal wounds
 f - 2 potions of haste
 g - 2 potions of degeneration
 h - a potion of mutation
 m - 2 potions of curing
 p - a potion of resistance
 r - a potion of lignification


   Skills:
 + Level 2.1 Fighting
 - Level 1.5 Dodging
 * Level 4.8 Unarmed Combat
 * Level 2.7 Spellcasting
 * Level 3.3 Transmutations


You had 7 spell levels left.
You knew the following spells:

 Your Spells              Type           Power        Failure   Level
a - Beastly Appendage     Tmut           18%          6%          1
b - Wereblood             Tmut           9%           10%         2

Your spell library contained the following spells:

 Spells                   Type           Power        Failure   Level
 Spider Form              Tmut/Pois      2%           36%         3
 Ice Form                 Ice/Tmut       5%           77%         4
 Blade Hands              Tmut           4%           87%         5


Dungeon Overview and Level Annotations

Branches:
Dungeon (5/15)             Temple (1/1) D:4

Altars:
Ashenzari
Cheibriados
Dithmenos
Elyvilon
Fedhas
Gozag
Kikubaaqudgha
Makhleb
Nemelex Xobeh
Okawaru
Qazlal
Ru
Trog
Uskayaw
Vehumet
Wu Jian
Xom
Zin
The Shining One


Innate Abilities, Weirdness & Mutations

You are too large for most types of armour.
You have claws for hands.
Your natural rate of healing is unusually fast.
You are covered in fur. (AC +1)
You have extremely tough skin. (AC +3)
You have a pair of horns on your head.
You have razor-sharp toenails.


Message History

The orc priest is almost dead.
You feel sick. The orc barely misses you. The orc hits you but does no damage.
The orc hits you with a +0 dagger. The orc priest closely misses you.
You claw the orc priest!
You kill the orc priest!
Cheibriados appreciates the change of pace.
Your transformation is almost over.
You feel sick. The orc hits you. The orc misses you.
The orc hits you but does no damage.
You feel sick.
The ogre hits you with a +0 giant spiked club!
The orc barely misses you. The orc closely misses you.
Things that are here:
a +0 chain mail; an orc corpse You are too injured to fight recklessly!
You are too injured to fight recklessly!
You are too injured to fight recklessly!
You closely miss the orc. Your kick misses the orc.
You feel sick. The orc closely misses you.
The ogre hits you with a +0 giant spiked club!!
Ouch! That really hurt!
You die...

$# #.........#.
..##...........
................
#..........#...
#.............
#.......o.....
#......oo..#
##†....oo...#
#####......Oo$..#
#####..........o@...#
......####.........##
####### ####.....## #
##....# ####... ###.
####### #######
#.....#
......###.....#
#####.........#
#####...).#


You could see an ogre and 7 orcs.

Vanquished Creatures
  A scorpion (D:4)
  A howler monkey (D:4)
  A bullfrog zombie (D:5)
  A jelly (D:4)
  An orc priest (D:5)
  3 hounds
  2 orc wizards (D:4)
  2 worker ants (D:5)
  Robin (D:2)
  2 adders (D:2)
  A white imp (D:5)
  An adder skeleton (D:4)
  A dart slug (D:1)
  A leopard gecko (D:2)
  7 orcs
  10 bats
  A giant cockroach (D:4)
  17 goblins
  6 hobgoblins
  14 jackals
  A quokka (D:2)
  3 ball pythons
  3 frilled lizards (D:3)
  9 kobolds
  5 rats
95 creatures vanquished.

Notes
Turn   | Place    | Note
-------+----------+-------------------------------------------
     0 | D:1      | om the Troll Transmuter began the quest for the Orb.
     0 | D:1      | Reached XP level 1. HP: 18/18 MP: 1/1
   317 | D:1      | Reached XP level 2. HP: 26/26 MP: 3/3
   460 | D:1      | Reached skill level 1 in Fighting
  1188 | D:1      | Reached XP level 3. HP: 33/33 MP: 4/4
  1455 | D:2      | Found an iron altar of Okawaru.
  1527 | D:2      | Found an opulent altar of Gozag.
  1561 | D:2      | Reached XP level 4. HP: 31/41 MP: 5/5
  1650 | D:2      | Learned a level 2 spell: Wereblood
  1714 | D:2      | Noticed Robin
  1720 | D:2      | Killed Robin
  2291 | D:3      | Found a burning altar of Makhleb.
  2299 | D:3      | Reached XP level 5. HP: 48/48 MP: 5/7
  2758 | D:4      | Reached skill level 4 in Unarmed Combat
  3112 | D:4      | Reached XP level 6. HP: 55/57 MP: 6/8
  3527 | D:4      | Found a staircase to the Ecumenical Temple.
  3536 | Temple   | Entered the Ecumenical Temple
  3638 | Temple   | Became a worshipper of Cheibriados the Contemplative
  3780 | D:5      | Entered Level 5 of the Dungeon
  3889 | D:5      | Slain by an ogre

Illustrated notes

Levels and vault maps discovered:
D:1:      dpeg_arrival_brainrot, layout_loops_corners, serial_forest,
          infiniplex_forest_end_2, infiniplex_forest_end_2,
          infiniplex_forest_lined_1, infiniplex_forest_straight_2,
          infiniplex_forest_lined_3, infiniplex_forest_diagonal,
          infiniplex_forest_clump_curved, infiniplex_forest_straight_1,
          infiniplex_forest_straight_3, chequers_mini_garden
D:2:      layout_rooms, nicolae_gozag_seed_capital, okawaru_ov_weapons_minmay,
          uniq_robin
D:3:      layout_loops_cross, makhleb_blood_cavern_becter
D:4:      layout_loops_corners, temple_hall
D:5:      layout_rooms, gammafunk_ghost_smash, minmay_shop_mass
Temple:   nicolae_temple_elliptical

Skill      XL: |  1  2  3  4  5  6 |
---------------+-------------------+-----
Fighting       | 1 2 |  2.1
Transmutations | 2 3 |  3.3
Spellcasting   | 2 |  2.7
Unarmed Combat | 4 |  4.8
Dodging        | |  1.5

Action                   |  1- 3 |  4- 6 || total
-------------------------+-------+-------++-------
Melee: Unarmed           |   113 |   139 ||   252
       Kick              |     2 |    21 ||    23
       Headbutt          |     1 |    12 ||    13
       Punch             |       |     1 ||     1
 Cast: Beastly Appendage |     4 |    21 ||    25
  Use: Scroll            |       |     9 ||     9
 Stab: Sleeping          |       |     1 ||     1
Armor: Robe              |    73 |    53 ||   126
Dodge: Dodged            |    78 |    74 ||   152
